 Dungeon Crawl Stone Soup version 0.22.1-2-g9c5b331383 (webtiles) character file.

102 Jynx the Digger (level 4, -9/24 HPs)
             Began as a Gargoyle Earth Elementalist on Nov 24, 2018.
             Was an Initiate of Ashenzari.
             Killed from afar by an orc wizard (10 damage)
             ... with a puff of flame
             ... on level 3 of the Dungeon.
             The game lasted 00:05:05 (2386 turns).

Jynx the Digger (Gargoyle Earth Elementalist)       Turns: 2386, Time: 00:05:06

Health: -9/24      AC:  5    Str: 12    XL:     4   Next: 78%
Magic:  0/8        EV: 12    Int: 15    God:    Ashenzari [......]
Gold:   130        SH:  0    Dex: 11    Spells: 2/8 levels left

rFire    . . .     SeeInvis .   h - -1 short sword (curse)
rCold    . . .     Gourm    .   (no shield)
rNeg     + . .     Faith    .   c - +0 robe
rPois    ∞         Spirit   .   (no helmet)
rElec    +         Reflect  .   (no cloak)
rCorr    +         Harm     .   (no gloves)
MR       .....                  (no boots)
Stlth    ++........             (no amulet)
HPRegen  0.08/turn              a - ring of resist corrosion
MPRegen  0.11/turn              (no ring)

@: no status effects
A: negative energy resistance 1, electricity resistance, unbreathing,
petrification resistance, rot immunity, AC +3
a: Curse Item, Renounce Religion


You were on level 3 of the Dungeon.
You worshipped Ashenzari.
Ashenzari was noncommittal.
You were hungry.

You visited 1 branch of the dungeon, and saw 3 of its levels.

You collected 130 gold pieces.

Inventory:

Hand Weapons
 h - a cursed -1 short sword (weapon)
 i - a +0 short sword
Missiles
 b - 33 stones (quivered)
Armour
 c - a +0 robe (worn)
Jewellery
 a - a ring of resist corrosion (left hand)
Scrolls
 f - 6 scrolls of identify
 k - 2 scrolls of amnesia
 l - a scroll of blinking
Potions
 e - a potion of flight
 g - 3 potions of curing
Comestibles
 d - 5 rations


   Skills:
 - Level 1.5 Dodging
 + Level 2.2 Stealth
 + Level 2.9 Spellcasting
 - Level 0.7 Transmutations
 * Level 5.7 Earth Magic


You had 2 spell levels left.
You knew the following spells:

 Your Spells              Type           Power        Failure   Level  Hunger
a - Sandblast             Erth           ###...       1%          1    #......
b - Passwall              Tmut/Erth      ##......     9%          2    ##.....
c - Stone Arrow           Conj/Erth      ##....       19%         3    ###....

Your spell library contained the following spells:

 Spells                   Type           Power        Failure   Level  Hunger
 Petrify                  Tmut/Erth      ##......     47%         4    #####..
 Lee's Rapid Deconstruct  Erth           ###.......   47%         5    ######.


Dungeon Overview and Level Annotations

Branches:
Dungeon (3/15)

Altars:
Ashenzari


Innate Abilities, Weirdness & Mutations

You are resistant to torment.
Your stone body is resilient. (AC +3)
You are immune to poison.
You resist negative energy. (rN+)
You are resistant to electric shocks. (rElec)
You can survive without breathing.
You are immune to petrification.
You are immune to rotting.


Message History

The puff of flame hits you!
* * * LOW HITPOINT WARNING * * *
You are feeling hungry.
You hit something but do no damage. Something hits you.
* * * LOW HITPOINT WARNING * * *
Something freezes you.
* * * LOW HITPOINT WARNING * * *
You barely miss something.
Something hits you but does no damage. x2
Casting: Sandblast (safe; 1% risk of failure)
Confirm with . or Enter, or press ? or * to list all spells.
You can't see any susceptible monsters within range! (Use Z to cast anyway.)
Casting: Sandblast (safe; 1% risk of failure)
Confirm with . or Enter, or press ? or * to list all spells.
Aiming: Sandblast (safe; 1% risk of failure)
Press: ? - help, Shift-Dir - straight line
b - 33 stones You hear some strange, mumbled words.
A puff of flame appears from out of thin air!
The puff of flame hits you!
You die...

#...............##
##
#...##...##..#.##
#...###..##..#.##
###...#
#..#...#... #
...... ...#......
# #)..# #..#......
#).# #.##...## .>
#.{###.##...# ..
#?#@........#.#
#.....)......#
#.###........#
#..........#.#
#..........##.#
#..............
#.......#.##### #
###.#...#.# #.###
#.#...#.## ##....


There were no monsters in sight!

Vanquished Creatures
  An adder (D:3)
  An ooze (D:3)
  A worm (D:3)
  2 dart slugs
  3 leopard geckos
  8 orcs (D:3)
  7 bats
  4 giant cockroaches
  9 hobgoblins
  3 jackals (D:3)
  11 kobolds
  A ball python (D:3)
  A frilled lizard (D:1)
  9 goblins
  5 rats
66 creatures vanquished.

Notes
Turn   | Place    | Note
-------+----------+-------------------------------------------
     0 | D:1      | Jynx the Gargoyle Earth Elementalist began the quest for
                  | the Orb.
     0 | D:1      | Reached XP level 1. HP: 10/10 MP: 3/3
   229 | D:1      | Reached skill level 4 in Earth Magic
   229 | D:1      | Reached XP level 2. HP: 11/15 MP: 0/5
   669 | D:1      | Found a shattered altar of Ashenzari.
   677 | D:1      | Became a worshipper of Ashenzari the Shackled
   704 | D:1      | Reached XP level 3. HP: 19/19 MP: 2/6
   973 | D:1      | Learned a level 2 spell: Passwall
   977 | D:1      | Learned a level 3 spell: Stone Arrow
  1394 | D:2      | Reached skill level 5 in Earth Magic
  1809 | D:3      | Reached XP level 4. HP: 24/24 MP: 6/8
  2384 | D:3      | HP: 1/24 [something (1)]
  2386 | D:3      | Killed from afar by an orc wizard

Skill      XL: |  1  2  3 |
---------------+----------+-----
Earth Magic    | 4 5 |  5.7
Dodging        | |  1.5
Stealth        | |  2.2
Spellcasting   | |  2.9
Transmutations | |  0.7

Action                   |  1- 3 |  4- 6 || total
-------------------------+-------+-------++-------
Melee: Unarmed           |    20 |       ||    20
       Short sword       |    26 |    57 ||    83
 Cast: Sandblast         |    48 |    29 ||    77
  Use: Scroll            |     8 |       ||     8
 Stab: Sleeping          |     4 |       ||     4
  Eat: Chunk             |     3 |     2 ||     5
Armor: Robe              |    25 |    27 ||    52
Dodge: Dodged            |    38 |    38 ||    76
